 Dungeon Crawl Stone Soup version 0.27-a0-1281-ge233d83751 (webtiles) character file.

Game seed: 16920857473530108871

64204 Glokmah the Basher (level 14, -3/142 (143) HPs)
             Began as a Troll Berserker on June 14, 2021.
             Was a High Priest of Trog.
             Slain by an infernal demonspawn (7 damage)
             ... on level 2 of the Orcish Mines.
             The game lasted 00:36:22 (19142 turns).

Glokmah the Basher (Troll Berserker)               Turns: 19142, Time: 00:36:22

HP:   -3/142 (143)  AC: 17    Str: 31    XL:     14   Next: 70%
MP:   13/13         EV: 16    Int:  3    God:    Trog [*****.]
Gold: 1558          SH:  0    Dex: 27    Spells: 13/13 levels left

rFire    . . .     SeeInvis .   a - +6 war axe "Glokmah's Curse" {freeze, *Corrode rElec rC+}
rCold    + . .     Faith    +   (no shield)
rNeg     . . .     Spirit   .   j - +5 robe "Coqy" {-Cast Str+3 Dex+8}
rPois    .         Reflect  .   U - +1 hat {Will+}
rElec    +         Harm     .   h - +2 cloak
rCorr    .         Rampage  .   (gloves unavailable)
Will     ++++.     NoCast   +   (boots unavailable)
Stlth    ++........             E - amulet of faith
HPRegen  2.33/turn              w - +4 ring of protection
MPRegen  0.13/turn              f - +6 ring of dexterity

@: strong-willed, on berserk cooldown, regenerating, slowed, lightly drained,
very slow
A: large, unfitting armour, claws 3, regeneration 1, shaggy fur 1, tough skin 1,
hooves 1
a: Renounce Religion, Berserk, Trog's Hand, Brothers in Arms


You were on level 2 of the Orcish Mines.
You worshipped Trog.
Trog was extremely pleased with you.
You visited 3 branches of the dungeon, and saw 19 of its levels.
You also visited: Sewer.

You collected 1970 gold pieces.
You spent 412 gold pieces at shops.

Inventory:

Hand Weapons
 a - the +6 war axe "Glokmah's Curse" (weapon) {freeze, *Corrode rElec rC+}
   (You found it on level 4 of the Dungeon)

   It has been specially enchanted to freeze those struck by it, causing extra
   injury to most foes and up to half again as much damage against particularly
   susceptible opponents.
   It can also slow down cold-blooded creatures.
   It protects you from cold.
   It insulates you from electricity.
   It may corrode you when you take damage.
 b - a +8 giant spiked club of venom
 c - the +7 flail "Piopuli" {vorpal, rN+ Dex+3}
   (Trog gifted it to you on level 4 of the Lair of Beasts)

   It inflicts extra damage upon your enemies.
   It affects your dexterity (+3).
   It protects you from negative energy.
 G - a +0 executioner's axe of flaming
Missiles
 m - 94 poisoned darts
 z - 9 boomerangs of dispersal
 B - 2 throwing nets
 F - 6 curare-tipped darts
 N - 42 boomerangs
 Q - a javelin (quivered)
Armour
 h - a +2 cloak (worn)
 j - the +5 robe "Coqy" (worn) {-Cast Str+3 Dex+8}
   (You found it in a sewer)

   It affects your strength (+3).
   It affects your dexterity (+8).
   It prevents spellcasting.
 U - a +1 hat of willpower (worn)
Jewellery
 f - a +6 ring of dexterity (right claw)
 n - a ring of flight
 q - a ring of protection from cold
 w - a +4 ring of protection (left claw)
 y - a ring of poison resistance
 E - an amulet of faith (around neck)
 K - a +6 ring of intelligence
 L - a ring of protection from fire
 Z - a ring of willpower
Wands
 I - a wand of iceblast (29)
 P - a wand of acid (20)
 S - a wand of mindburst (12)
 T - a wand of polymorph (9)
 W - a wand of flame (29)
 Y - a wand of paralysis (6)
Scrolls
 d - a scroll of torment
 e - 4 scrolls of immolation
 v - 3 scrolls of teleportation
 H - 3 scrolls of enchant armour
 J - 2 scrolls of blinking
 O - a scroll of fear
 V - 2 scrolls of silence
 X - a scroll of fog
Potions
 g - 3 potions of mutation
 i - 5 potions of flight
 k - 2 potions of lignification {unknown}
 l - 8 potions of curing
 o - 2 potions of haste {unknown}
 p - 5 potions of might
 r - 8 potions of brilliance
 s - 5 potions of heal wounds
 t - 3 potions of invisibility
 u - 2 potions of magic {unknown}
 x - a potion of attraction
 A - 3 potions of degeneration {unknown}
 C - 2 potions of resistance
 M - a potion of experience {unknown}
 R - 2 potions of cancellation {unknown}
Miscellaneous
 D - a tin of tremorstones (2/2)


   Skills:
 + Level 10.2 Fighting
 + Level 5.9(10.8) Axes
 * Level 14.8(15.2) Maces & Flails
 + Level 13.5 Throwing
 + Level 5.9 Armour
 - Level 7.0 Dodging


You had 13 spell levels left.
You didn't know any spells.
Your spell library was empty.

Dungeon Overview and Level Annotations

Branches:
Dungeon (11/15)            Temple (0/1) D:6            Lair (6/6) D:11
 Shoals (0/4) Lair:2        Snake (0/4) Lair:2        Slime (0/5) Lair:5
    Orc (2/2) D:9             Elf (0/3) Orc:2         Sewer (visited)

Altars:
Ashenzari
Cheibriados
Elyvilon
Fedhas
Gozag
Hepliaklqana
Okawaru
Qazlal
Trog
Vehumet
Wu Jian
Yredelemnul
Beogh

Shops:
D:7 **   Orc:2 ?!

Annotations:
Orc:2 2 transporters, Leszczynek's ghost, journeyman HuBe


Innate Abilities, Weirdness & Mutations

You are too large for most types of armour.
You have claws for hands.
Your natural rate of healing is unusually fast.
You are covered in fur. (AC +1)
You have tough skin. (AC +1)
You have large cloven feet.


Message History

You throw a javelin.
The javelin closely misses the chaos spawn.
The javelin pierces through the orc high priest!!
You kill the orc high priest!
Trog accepts your kill.
The chaos spawn degenerates into a cloud of primal chaos!
The ynoxinul disappears in a puff of smoke!
The sixfirhy disappears in a puff of smoke!
The orc high priest invokes the aid of Beogh against you.
Beogh smites you!
You barely miss the orc high priest. Your kick misses the orc high priest.
Your deep troll is no longer berserk.
Your deep troll disappears in a puff of smoke!
The infernal demonspawn hits you but does no damage.
The orc high priest hits you with a +0 war axe!
The infernal demonspawn misses you.
You hit the orc high priest. You freeze the orc high priest.
You kick the orc high priest, but do no damage.
The orc high priest is lightly wounded.
A torturous demonspawn comes into view.
It is wielding a +1 trident of venom and wearing a +2 chain mail of positive energy.
The orc high priest closely misses you.
The infernal demonspawn closely misses you.
The orc high priest hits you but does no damage.
You barely miss the orc high priest. You kick the orc high priest.
The orc high priest is lightly wounded.
The infernal demonspawn hits you from afar with a +0 trident!
You are engulfed in flames!
* * * LOW HITPOINT WARNING * * *
The orc high priest hits you but does no damage.
Unknown command.
Your skin crawls.
You feel strong-willed.
You are no longer corroded.
The infernal demonspawn hits you from afar with a +0 trident!
* * * LOW HITPOINT WARNING * * *
You are engulfed in flames!
* * * LOW HITPOINT WARNING * * *
A torturous demonspawn comes into view.
It is wielding a +1 vampiric demon trident.
The orc high priest barely misses you.
The infernal demonspawn hits you from afar with a +0 trident!
You die...

.......###)..##
##...###.....
......###...##
##...###....
#.##.###.#.##.
.##.#.###...
.######...##.6#
#..##...###.. #.#
##.#.##.(# #..##.#.###...
....
##...##..###6.##...###....
..##.#
##.).##).#6.##...######..
### #
##..)##)o.##...###...... #
##..)#@#.#...####......
##))..)))..###.##..#..
##.#)..#)###.........
##....)###..........
##...###...........
##.###..#......... ###
#......[).. ##......[)..
##.#.....[...


You could see an orc high priest, an infernal demonspawn and 2 demonspawn.

Vanquished Creatures
  Gastronok (Lair:3)
  Josephine (Lair:6)
  Fannar (Lair:1)
  The ghost of 27snakeeyes612 the Fighter, a journeyman VSFi of Makhleb (Lair:1)
  A catoblepas (Lair:3)
  4 hydras
  Erica (D:10)
  A death knight (D:11)
  A two-headed ogre (Orc:1)
  3 orc high priests
  A sun demon (Orc:2)
  A sixfirhy (Orc:2)
  2 phantasmal warriors (D:11)
  A lindwurm (Lair:2)
  3 orc knights
  2 oklob plants (Lair:1)
  3 orc sorcerers (Orc:2)
  An ugly thing (D:11)
  2 manticores
  13 elephants
  5 black mambas
  Joseph (D:8)
  A gargoyle (D:9)
  2 orange demons (Orc:2)
  11 cane toads
  A freezing wraith (D:11)
  5 kobold demonologists
  An ice devil (Orc:2)
  A rime drake (Lair:1)
  7 komodo dragons
  5 trolls
  7 polar bears
  6 hornets
  A wind drake (Lair:2)
  A hornet (shapeshifter) (D:11)
  Grinder (D:6)
  11 blink frogs
  12 spriggans (Lair:6)
  Sigmund (D:2)
  29 yaks
  2 basilisks
  A steam dragon (D:6)
  5 wraiths
  A chaos spawn (Orc:2)
  4 wyverns
  3 wargs
  2 acid dragons (D:11)
  16 water moccasins
  Duvessa (D:7)
  32 orc warriors
  A sky beast (D:6)
  2 necrophages (D:7)
  4 black bears
  6 ogres
  25 wolves
  4 boggarts (Lair:6)
  7 centaurs
  A phantom (D:6)
  3 kobold brigands
  16 bullfrogs
  2 wyvern zombies (D:7)
  7 scorpions
  2 gnoll sergeants
  3 water moccasin zombies
  Dowan (D:7)
  19 wights
  3 howler monkeys
  2 centaur zombies
  3 bullfrog zombies
  A bullfrog skeleton (D:5)
  3 jellies
  A centaur skeleton (D:7)
  2 gnoll shamans
  25 orc priests
  2 hounds
  A human zombie (D:7)
  An iron imp (D:7)
  A scorpion zombie (D:5)
  3 iguanas
  14 orc wizards
  A statue (D:5)
  A killer bee zombie (D:7)
  2 hound zombies (D:5)
  2 hound skeletons
  A howler monkey skeleton (D:7)
  2 howler monkey zombies (D:8)
  15 gnolls
  6 adders
  2 river rats (Lair:2)
  A shadow imp (D:7)
  2 white imps
  2 adder skeletons (D:4)
  2 worms (D:3)
  2 dart slugs (D:3)
  82 orcs
  8 ball pythons
  7 bats
  4 endoplasms
  9 giant cockroaches
  5 goblins
  4 hobgoblins
  35 kobolds
  7 quokkas
  6 frilled lizards
  7 rats
  A butterfly (D:6)
601 creatures vanquished.

Vanquished Creatures (collateral kills)
  A two-headed ogre (D:9)
  4 orc high priests (Orc:2)
  2 orc knights (Orc:2)
  4 elephants (Lair:6)
  An orange demon (Orc:2)
  A red devil (Orc:2)
  2 orc warriors (Orc:2)
  3 orc priests (Orc:2)
  An orc (D:9)
19 creatures vanquished.

Vanquished Creatures (others)
  85 fungi
  74 plants
159 creatures vanquished.

Grand Total: 779 creatures vanquished

Notes
Turn   | Place    | Note
-------+----------+-------------------------------------------
     0 | D:1      | Glokmah the Troll Berserker began the quest for the Orb.
     0 | D:1      | Reached XP level 1. HP: 22/22 MP: 0/0
    60 | D:1      | Found a faded altar of an unknown god.
   322 | D:1      | Reached skill level 3 in Maces & Flails
   322 | D:1      | Reached XP level 2. HP: 29/29 MP: 1/1
   908 | D:2      | Reached XP level 3. HP: 36/36 MP: 2/2
  1012 | D:2      | Reached ** piety under Trog
  1119 | D:2      | Noticed Sigmund
  1130 | D:2      | Killed Sigmund
  1131 | D:2      | Reached skill level 4 in Maces & Flails
  1131 | D:2      | Reached skill level 1 in Throwing
  1131 | D:2      | Reached XP level 4. HP: 45/45 MP: 3/3
  1131 | D:2      | Reached XP level 5. HP: 53/53 MP: 4/4
  1468 | D:3      | Found a stormy altar of Qazlal.
  1476 | D:3      | Found a glowing drain.
  1509 | Sewer    | Entered a sewer
  1637 | Sewer    | Identified the +5 robe "Coqy" {-Cast Str+3 Dex+8}
  1768 | Sewer    | Reached *** piety under Trog
  1897 | D:3      | Reached XP level 6. HP: 61/61 MP: 5/5
  2198 | D:3      | Found a hazy altar of Hepliaklqana.
  2279 | D:3      | Found an opulent altar of Gozag.
  2518 | D:4      | Identified the +6 war axe "Glokmah's Curse" {freeze,
                  | *Corrode rElec rC+}
  3158 | D:5      | Entered Level 5 of the Dungeon
  3253 | D:5      | Reached skill level 5 in Maces & Flails
  3258 | D:5      | Reached XP level 7. HP: 66/68 MP: 6/6
  3402 | D:5      | Reached **** piety under Trog
  3691 | D:5      | Found a radiant altar of Vehumet.
  4027 | D:6      | Reached skill level 6 in Maces & Flails
  4039 | D:6      | Reached XP level 8. HP: 77/79 MP: 7/7
  4197 | D:6      | Noticed Grinder
  4206 | D:6      | Killed Grinder
  4210 | D:6      | Reached skill level 7 in Maces & Flails
  4264 | D:6      | Found a staircase to the Ecumenical Temple.
  4549 | D:6      | Reached skill level 5 in Fighting
  4602 | D:6      | Reached skill level 5 in Dodging
  4778 | D:7      | Reached XP level 9. HP: 88/88 MP: 8/8
  4841 | D:7      | Found a broken altar of Ashenzari.
  5226 | D:7      | Noticed Dowan
  5230 | D:7      | Noticed Duvessa
  5232 | D:7      | Killed Dowan
  5238 | D:7      | Killed Duvessa
  5239 | D:7      | Reached skill level 8 in Maces & Flails
  5323 | D:7      | Reached ***** piety under Trog
  5332 | D:7      | Reached skill level 5 in Throwing
  5345 | D:7      | Found a basalt altar of Yredelemnul.
  5479 | D:7      | Found Emohui's General Store.
  5505 | D:7      | Identified a scroll of acquirement
  5505 | D:7      | Acquired a manual of Throwing
  5601 | D:7      | Found Acvuniof's Assorted Antiques.
  5636 | D:7      | Paralysed by a hornet for 1 turns
  5773 | D:7      | Found a snail-covered altar of Cheibriados.
  6088 | D:8      | Found an iron altar of Okawaru.
  6088 | D:8      | Noticed Joseph
  6096 | D:8      | Killed Joseph
  6097 | D:8      | Reached skill level 9 in Maces & Flails
  6097 | D:8      | Reached XP level 10. HP: 98/98 MP: 9/9
  6404 | D:8      | Found an ornate altar of the Wu Jian Council.
  7156 | D:9      | Found a staircase to the Orcish Mines.
  7198 | D:9      | Noticed a two-headed ogre
  7209 | D:9      | Killed a two-headed ogre
  7591 | D:9      | Found a white marble altar of Elyvilon.
  7764 | D:9      | Reached skill level 10 in Maces & Flails
  8000 | D:9      | Noticed a gargoyle
  8005 | D:9      | Killed a gargoyle
  8508 | D:10     | Entered Level 10 of the Dungeon
  8536 | D:10     | Noticed Erica
  8545 | D:10     | Killed Erica
  8546 | D:10     | Reached XP level 11. HP: 107/107 MP: 10/10
  9848 | D:11     | Noticed a sun demon
  9903 | D:11     | Noticed a soul eater
  9906 | D:11     | Reached skill level 11 in Maces & Flails
  9909 | D:11     | Gained mutation: You have large cloven feet. [a neqoxec]
 10150 | D:11     | Noticed a death knight
 10150 | D:11     | Noticed a phantasmal warrior
 10151 | D:11     | Noticed a phantasmal warrior
 10157 | D:11     | Killed a death knight
 10159 | D:11     | Killed a phantasmal warrior
 10164 | D:11     | Killed a phantasmal warrior
 10334 | D:11     | Noticed a brown ugly thing
 10342 | D:11     | Killed a brown ugly thing
 10343 | D:11     | Reached skill level 10 in Throwing
 10438 | D:11     | Found a staircase to the Lair.
 10478 | D:11     | Reached XP level 12. HP: 110/119 MP: 11/11
 10507 | D:11     | Reached skill level 12 in Maces & Flails
 10715 | Lair:1   | Entered Level 1 of the Lair of Beasts
 10957 | Lair:1   | Found a hazy altar of Hepliaklqana.
 10984 | Lair:1   | Found a runed translucent door.
 10984 | Lair:1   | Noticed 27snakeeyes612's ghost (journeyman VSFi)
 11075 | Lair:1   | Killed 27snakeeyes612's ghost
 11234 | Lair:1   | Noticed Fannar
 11246 | Lair:1   | Killed Fannar
 11247 | Lair:1   | Reached skill level 1 in Axes
 11430 | Lair:1   | Found a blossoming altar of Fedhas.
 11440 | Lair:1   | Reached skill level 1 in Armour
 11758 | Lair:2   | Noticed an eight-headed hydra
 11762 | Lair:2   | Killed an eight-headed hydra
 11811 | Lair:2   | Received a gift from Trog
 11813 | Lair:2   | Noticed a four-headed hydra
 11820 | Lair:2   | Killed a four-headed hydra
 11918 | Lair:2   | Identified the +0 robe of Cowardice {+Blink Int+6 Dex-4
                  | SInv}
 12020 | Lair:2   | Found a staircase to the Snake Pit.
 12038 | Lair:2   | Found a staircase to the Shoals.
 12434 | Lair:2   | Reached skill level 13 in Maces & Flails
 12988 | Lair:3   | Reached XP level 13. HP: 122/131 MP: 12/12
 13460 | Lair:3   | Noticed Gastronok
 13468 | Lair:3   | Killed Gastronok
 13614 | Lair:3   | Found a snail-covered altar of Cheibriados.
 14187 | Lair:4   | Identified the +7 flail "Piopuli" {vorpal, rN+ Dex+3} (Trog
                  | gifted it to you on level 4 of the Lair of Beasts)
 14187 | Lair:4   | Received a gift from Trog
 14986 | Lair:5   | Found a staircase to the Slime Pits.
 15162 | Lair:6   | Entered Level 6 of the Lair of Beasts
 15191 | Lair:6   | Reached ****** piety under Trog
 15449 | Lair:6   | Reached skill level 14 in Maces & Flails
 15869 | Lair:6   | Noticed Josephine
 15877 | Lair:6   | Killed Josephine
 15893 | Lair:6   | Reached XP level 14. HP: 141/141 MP: 13/13
 15965 | Lair:6   | Reached skill level 5 in Axes
 15997 | Lair:6   | Received a gift from Trog
 16010 | Lair:6   | Reached skill level 5 in Armour
 16126 | Lair:6   | Identified the +0 chain mail "Opiu" {rElec rPois rN+++
                  | Str-3}
 16130 | Lair:6   | Identified the +0 ring mail of the Weaver {Regen+}
 16857 | Orc:1    | Entered Level 1 of the Orcish Mines
 17171 | Orc:1    | Reached skill level 10 in Fighting
 17471 | Orc:2    | Entered Level 2 of the Orcish Mines
 17881 | Orc:2    | Found Emok's Distillery.
 17908 | Orc:2    | Found Enoyl's Magic Scroll Boutique.
 18114 | Orc:2    | Bought a scroll of brand weapon for 300 gold pieces
 18117 | Orc:2    | Bought a scroll of blinking for 112 gold pieces
 18162 | Orc:2    | Noticed Leszczynek's ghost (journeyman HuBe)
 18278 | Orc:2    | Received a gift from Trog
 18459 | Orc:2    | Found a bloodstained altar of Trog.
 18466 | Orc:2    | Found a transporter.
 18469 | Orc:2    | Found a transporter.
 18652 | Orc:2    | Found a staircase to the Elven Halls.
 19142 | Orc:2    | HP: 4/142 [infernal demonspawn (17)]
 19142 | Orc:2    | Slain by an infernal demonspawn

Illustrated notes

Levels and vault maps discovered:
D:1:      onia_arrival_mini_maze, layout_basic,
          ebering_ecumenical_altar_abandoned
D:2:      layout_basic, uniq_sigmund
D:3:      layout_rooms, lemuel_round_altar, nicolae_qazlal_scattered_showers,
          marbit_many_paths, serial_forest, infiniplex_forest_clump_diagonal,
          infiniplex_forest_straight_5, infiniplex_forest_lined_2,
          infiniplex_forest_side_room, infiniplex_forest_straight_3,
          infiniplex_forest_lined_4_way, infiniplex_forest_straight_1,
          infiniplex_forest_lined_corner, portal_sewer_entry_f,
          serial_bayou_crossing
D:4:      layout_basic
D:5:      layout_cave_pools, vehumet_statue, minmay_misc_feat_enclosed
D:6:      layout_rooms, minmay_temple_entry_butterflies,
          chequers_serial_rivers_room_a, minmay_small_thing, uniq_grinder
D:7:      layout_loops_corners, lemuel_mausoleum_altar_yredelemnul,
          old_standard_altar, chei_slow_surprise, serial_shops, shop,
          kennysheep_windowed_goal, uniq_duvessa
D:8:      layout_cave_pods, overflow_temple_1_default, okawaru_trees_1,
          chequers_serial_rivers_small_b, uniq_joseph
D:9:      layout_stronghold, lemuel_doored_altar, david_orc_3,
          nicolae_two_hexagons
D:10:     layout_basic, uniq_erica
D:11:     layout_loops_cross, due_lair_maze_entry_diamond
Lair:1:   layout_cave_pods, gammafunk_ghost_grave, basic_altar, minmay_holes,
          hangedman_tree_tricks, lemuel_fruit_tree, uniq_fannar
Lair:2:   layout_chaotic_city, minmay_shoals_entry_beasts, dummy_snake_entry,
          pond
Lair:3:   layout_loops_ring, basic_altar, minivault_11,
          chequers_serial_rivers_marsh, chequers_serial_rivers_micro_b,
          grunt_megastairs_2, uniq_gastronok
Lair:4:   layout_cave_shapes
Lair:5:   layout_roguey, slime_dummy, st_stairs_5, lookout_lair_type,
          minivault_27
Lair:6:   minmay_lair_end_enchanted_forest, layout_long_grid, uniq_josephine
Orc:1:    layout_diamond_mine
Orc:2:    pf_orc_diabolical, layout_caves, gammafunk_ghost_wrathful_warriors,
          minmay_orc_temple_b

Skill      XL: |  1  2  3  4  5  6  7  8  9 10 11 12 13 14 |
---------------+-------------------------------------------+-----
Maces & Flails | 3 4 5 6 7 9 10 11 13 14 | 14.8
Fighting       | 3 4 5 6 8 9 10 | 10.2
Throwing       | 1 2 3 4 5 7 10 11 12 13 | 13.5
Dodging        | 3 4 5 6 7 |  7.0
Axes           | 3 4 5 |  5.9
Armour         | 3 4 5 |  5.9

Action                   |  1- 3 |  4- 6 |  7- 9 | 10-12 | 13-15 || total
-------------------------+-------+-------+-------+-------+-------++-------
Melee: Mace              |    85 |   165 |       |       |       ||   250
       War axe           |       |    34 |   214 |   402 |   237 ||   887
       Kick              |       |       |       |   106 |   262 ||   368
       Giant spiked club |       |       |       |     4 |    42 ||    46
       Flail             |       |       |       |       |   272 ||   272
Throw: Boomerang         |       |       |       |       |    51 ||    51
       Javelin           |       |       |       |       |     5 ||     5
Invok: Berserk           |     3 |     4 |     7 |    22 |    18 ||    54
       Trog's Hand       |       |       |     1 |     3 |     7 ||    11
       Brothers in Arms  |       |       |       |     1 |     5 ||     6
  Use: Scroll            |       |    13 |     3 |     8 |     5 ||    29
 Stab: Sleeping          |       |     3 |     6 |     4 |     5 ||    18
       Distracted        |       |       |       |     1 |     2 ||     3
Armor: Animal skin       |    50 |    42 |       |       |       ||    92
       Robe              |       |    56 |   100 |   194 |   206 ||   556
Dodge: Dodged            |    74 |   151 |   132 |   358 |   401 ||  1116

Table legend: (Time is in decaauts)
 A = Elapsed time spent in this place.
 B = Non-inter-level travel time spent in this place.
 C = Inter-level travel time spent in this place.
 D = Time resting spent in this place.
 E = Time spent auto-exploring this place.
 F = Levels seen in this place.
 G = Mean time per level.
                   A        B        C        D        E       F      G
               +--------+--------+--------+--------+--------+-----+--------+
         Total |  19733 |  18220 |   1513 |   2677 |  11484 |  20 |  986.7 |
       Dungeon |  10999 |   9917 |   1082 |   1260 |   6578 |  11 |  999.9 |
          Lair |   6112 |   5713 |    399 |    681 |   3894 |   6 | 1018.7 |
  Orcish Mines |   2269 |   2237 |     32 |    668 |    929 |   2 | 1134.5 |
         Sewer |    351 |    351 |      0 |     67 |     83 |   1 |  351.0 |
               +--------+--------+--------+--------+--------+-----+--------+

Top non-repeatable levels by time:
     D:9: 1962 daAuts
   Orc:2: 1625 daAuts
  Lair:6: 1448 daAuts
  Lair:1: 1214 daAuts
     D:7: 1202 daAuts
     D:8: 1175 daAuts
  Lair:3: 1110 daAuts
    D:10: 1087 daAuts
  Lair:2: 1060 daAuts
    D:11: 982 daAuts
     D:1: 899 daAuts
     D:5: 818 daAuts
     D:3: 813 daAuts
     D:6: 744 daAuts
     D:4: 720 daAuts
